 Dungeon Crawl Stone Soup version 0.29-a0-563-g64e4043184 (webtiles) character file.

Game seed: 3632165833517362310

2060 porpoise the Slicer (level 9, -4/57 HPs)
             Began as a Kobold Gladiator on June 11, 2022.
             Was a Follower of Dithmenos.
             Slain by an orc warrior
             ... wielding a +4 war axe
              (8 damage)
             ... in a bailey.
             The game lasted 00:26:06 (7836 turns).

porpoise the Slicer (Kobold Gladiator)              Turns: 7836, Time: 00:26:07

Health: -4/57      AC:  8    Str: 14    XL:     9   Next: 49%
Magic:  9/9        EV: 15    Int: 12    God:    Dithmenos [*.....]
Gold:   143        SH:  0    Dex: 18    Spells: 8/8 levels left

rFire   . . .      SeeInvis .   w - +8 falchion of the Blushing Firefly {venom, Str+3}
rCold   . . .      Faith    .   (no shield)
rNeg    . . .      Spirit   .   j - +0 leather armour
rPois   .          Reflect  .   c - +0 helmet
rElec   .          Harm     .   l - +0 cloak
rCorr   .          Rampage  .   C - +2 pair of gloves
Will    .....                   (no boots)
Stlth   +++++.....              (no amulet)
HPRegen 0.19/turn               (no ring)
MPRegen 0.11/turn               (no ring)

@: wreathed by umbra
A: small, no large weapons, nightstalker 3
a: Renounce Religion


You were in a bailey.
You worshipped Dithmenos.
Dithmenos was aware of your devotion.
You visited 2 branches of the dungeon, and saw 8 of its levels.
You also visited: Bailey.

You collected 441 gold pieces.
You spent 298 gold pieces at shops.

Inventory:

Hand Weapons
 a - a +2 dagger of speed
 b - a +2 vorpal hunting sling
 n - a +2 short sword of speed
 w - the +8 falchion of the Blushing Firefly (weapon) {venom, Str+3}
   (You found it on level 4 of the Dungeon)

   It poisons the flesh of those it strikes.
   Str:       It affects your strength (+3).
 A - a +2 dagger of venom
Missiles
 d - 3 throwing nets
 e - 24 boomerangs (quivered)
 E - 4 poisoned darts
Armour
 c - a +0 helmet (worn)
 j - a +0 leather armour (worn)
 l - a +0 cloak (worn)
 C - a +2 pair of gloves (worn)
Magical Staves
 p - a staff of cold
Jewellery
 k - an amulet of faith
 t - a ring of fire
Wands
 g - a wand of charming (2)
 D - a wand of polymorph (6)
Scrolls
 h - 3 scrolls of fear
 r - 3 scrolls of teleportation
 s - a scroll of vulnerability
 x - a scroll of enchant armour {unknown}
Potions
 f - a potion of magic
 i - 4 potions of brilliance
 m - 5 potions of heal wounds
 o - 4 potions of curing
 q - 2 potions of lignification
 u - a potion of mutation
 v - a potion of invisibility
 z - a potion of flight
 B - a potion of haste
 F - a potion of cancellation


   Skills:
 - Level 7.0 Fighting
 - Level 12.0 Short Blades
 - Level 2.1 Throwing
 + Level 0.7 Armour
 - Level 3.6 Dodging
 - Level 7.0 Stealth
 + Level 1.1 Evocations


You had 8 spell levels left.
You didn't know any spells.
Your spell library contained the following spells:

 Spells                   Type           Power      Damage    Failure   Level
 Ensorcelled Hibernation  Hex/Ice        0%         N/A       54%         2
 Passwall                 Tmut/Erth      0%         N/A       54%         2
 Swiftness                Air            0%         N/A       77%         3
 Tukima's Dance           Hex            0%         N/A       77%         3
 Airstrike                Air            0%         N/A       99%         4
 Passage of Golubria      Tloc           0%         N/A       99%         4
 Summon Lightning Spire   Summ/Air       0%         N/A       99%         4
 Lightning Bolt           Conj/Air       0%         1d11      100%        5
 Yara's Violent Unravell  Hex/Tmut       0%         3d3       100%        5


Dungeon Overview and Level Annotations

Branches:
Dungeon (7/15)             Temple (1/1) D:6          Bailey (1/1)

Altars:
Ashenzari
Dithmenos
Elyvilon
Fedhas
Gozag
Hepliaklqana
Kikubaaqudgha
Makhleb
Nemelex Xobeh
Okawaru
Qazlal
Ru
Uskayaw
Vehumet
Wu Jian
Yredelemnul
The Shining One

Shops:
D:3 (?!   D:5 [

Annotations:
D:4 1 runed translucent door, Wiilli's ghost, amateur SpVM
D:5 2 transporters


Innate Abilities, Weirdness & Mutations

You are small and have problems with some larger weapons.
You are completely attuned to the shadows.


Message History

An orc warrior comes into view. It is wielding a +4 war axe.
There is an open door here.
The +8 falchion of the Blushing Firefly {venom, Str+3} stops dripping with poison.
Your hands tingle!
a - a +2 dagger of speed (weapon)
You close the door.
You start waiting.
An orc warrior opens the door.
It is wielding a +4 war axe.
The orc warrior shouts!
The orc warrior hits you with a +4 war axe!
There is an open door, spattered with blood here.
You hit the orc warrior but do no damage.
You hit the orc warrior but do no damage.
b - a +2 vorpal hunting sling (weapon)
You feel stronger.
The +8 falchion of the Blushing Firefly {venom, Str+3} begins to drip with poison!
w - the +8 falchion of the Blushing Firefly (weapon)
{venom, Str+3} You hit the orc warrior but do no damage.
The orc warrior is poisoned.
The orc warrior hits you with a +4 war axe.
You barely miss the orc warrior. The orc warrior barely misses you.
You slash the orc warrior!
The orc warrior looks as sick as possible!
The orc warrior is moderately wounded.
The orc warrior closely misses you.
You hit the orc warrior.
The orc warrior looks as sick as possible!
The orc warrior is moderately wounded.
The orc warrior hits you with a +4 war axe.
You hit the orc warrior but do no damage.
The orc warrior is heavily wounded.
The orc warrior hits you with a +4 war axe!!
You hit the orc warrior.
The orc warrior is severely wounded.
The orc warrior hits you with a +4 war axe!
* * * LOW HITPOINT WARNING * * *
You hit the orc warrior but do no damage.
The orc warrior is severely wounded.
The orc warrior hits you with a +4 war axe!
You die...

........ ........
....8.. #......
#.....##♣ #o...##.♣
##@###..♣♣ #.≈≈≈...♣
#.≈≈)†..♣♣ #.≈≈)...∩♣
≈.# #.≈≈)...♣♣
≈.#≈..8...8..≈#.≈≈)...♣
##'#≈.........≈#'###..♣♣
...#≈}!8..o8!|≈#...##.♣
...##≈≈#####≈≈##....##♣


You could see an orc warrior (extremely poisoned).

Vanquished Creatures
  A water moccasin (D:5)
  3 orc warriors
  An ice beast (D:6)
  A black bear (D:4)
  2 centaurs (D:6)
  A phantom (D:6)
  A necrophage (D:6)
  Blork the orc (D:4)
  2 scorpions
  4 wights
  4 killer bees
  4 hounds
  2 jellies
  An orc priest (D:6)
  Crazy Yiuf (D:2)
  Ijyb (D:3)
  4 iguanas
  An orc wizard (D:5)
  Robin (D:2)
  5 gnolls
  6 adders
  A shadow imp (D:6)
  A white imp (D:6)
  2 worms
  4 dart slugs
  7 orcs
  A bat (D:3)
  7 endoplasms
  2 giant cockroaches
  10 hobgoblins
  3 jackals (D:1)
  23 kobolds
  A quokka (D:4)
  7 ball pythons
  A frilled lizard (D:3)
  25 goblins
  6 rats
148 creatures vanquished.

Vanquished Creatures (collateral kills)
  3 gnolls (D:6)
3 creatures vanquished.

Grand Total: 151 creatures vanquished

Notes
Turn   | Place    | Note
-------+----------+-------------------------------------------
     0 | D:1      | porpoise the Kobold Gladiator began the quest for the Orb.
     0 | D:1      | Reached XP level 1. HP: 12/12 MP: 1/1
    87 | D:1      | Reached skill level 1 in Stealth
   298 | D:1      | Reached XP level 2. HP: 17/17 MP: 2/2
   547 | D:1      | Reached XP level 3. HP: 21/21 MP: 3/3
   987 | D:2      | Reached skill level 5 in Short Blades
  1066 | D:2      | Noticed Robin
  1081 | D:2      | Reached XP level 4. HP: 20/26 MP: 4/4
  1090 | D:2      | Killed Robin
  1680 | D:2      | Found a runed translucent door.
  1683 | D:2      | Noticed Crazy Yiuf
  1688 | D:2      | Killed Crazy Yiuf
  1689 | D:2      | Reached XP level 5. HP: 30/30 MP: 5/5
  2010 | D:3      | Noticed Ijyb
  2062 | D:3      | Killed Ijyb
  2063 | D:3      | Reached skill level 6 in Short Blades
  2365 | D:3      | Found Vavoxtest's Distillery.
  2370 | D:3      | Bought a potion of heal wounds for 50 gold pieces
  2370 | D:3      | Bought a potion of invisibility for 80 gold pieces
  2370 | D:3      | Bought a potion of curing for 30 gold pieces
  2773 | D:3      | Found Koklastrie's Magic Scroll Emporium.
  2781 | D:3      | Bought a scroll of teleportation for 30 gold pieces
  2869 | D:3      | Found Taodd's Antique Weapon Emporium.
  2965 | D:3      | Found an ornate altar of the Wu Jian Council.
  3275 | D:4      | Reached skill level 5 in Stealth
  3281 | D:4      | Noticed a black bear
  3283 | D:4      | Killed a black bear
  3284 | D:4      | Reached XP level 6. HP: 35/35 MP: 6/6
  3423 | D:4      | Noticed Wiilli's ghost (amateur SpVM)
  3432 | D:4      | Found a runed translucent door.
  4005 | D:4      | Identified the +8 falchion of the Blushing Firefly {venom,
                  | Str+3}
  4047 | D:4      | Noticed Blork the orc
  4051 | D:4      | Killed Blork the orc
  4052 | D:4      | Reached skill level 7 in Short Blades
  4382 | D:4      | Reached XP level 7. HP: 40/40 MP: 7/7
  4420 | D:5      | Entered Level 5 of the Dungeon
  4427 | D:5      | Found Peryroex's Armour Shop.
  4779 | D:5      | Reached skill level 8 in Short Blades
  4862 | D:5      | Found a transporter.
  5094 | D:5      | Found a transporter.
  5189 | D:5      | Noticed a water moccasin
  5193 | D:5      | Killed a water moccasin
  5309 | D:5      | Reached XP level 8. HP: 47/48 MP: 8/8
  5327 | D:6      | Reached skill level 9 in Short Blades
  5462 | D:3      | Bought a runed hunting sling for 108 gold pieces
  5654 | D:6      | Reached skill level 5 in Fighting
  5963 | D:6      | Reached skill level 10 in Short Blades
  6336 | D:6      | Reached XP level 9. HP: 46/55 MP: 9/9
  6810 | D:6      | Found a staircase to the Ecumenical Temple.
  6828 | Temple   | Entered the Ecumenical Temple
  7047 | Temple   | Became a worshipper of Dithmenos the Shadowed
  7241 | D:6      | Reached skill level 11 in Short Blades
  7451 | D:7      | Found a flagged portal.
  7515 | Bailey   | Entered a bailey
  7617 | Bailey   | Noticed an orc warlord
  7620 | Bailey   | Reached * piety under Dithmenos
  7722 | Bailey   | Reached skill level 12 in Short Blades
  7722 | Bailey   | Reached skill level 1 in Evocations
  7836 | Bailey   | Slain by an orc warrior

Illustrated notes

Levels and vault maps discovered:
D:1:      dpeg_arrival_ternary, layout_basic, minivault_14
D:2:      layout_loops_ring, uniq_crazy_yiuf_cottage, uniq_robin
D:3:      layout_loops_corners, old_standard_altar, serial_shops,
          nicolae_shop_trees, nicolae_square_shop, shop, kennysheep_boxes,
          uniq_ijyb
D:4:      layout_basic, hellmonk_ghost_happy_afterlife, uniq_blork_the_orc
D:5:      gammafunk_wand_slinger, layout_loops_ring, serial_shops,
          nicolae_shop_hallway_stairs
D:6:      layout_cave_pools, minmay_temple_entry_offerings
D:7:      layout_gridville, old_standard_altar, kennysheep_little_box,
          enter_bailey_3, minmay_alternating_orb
Temple:   regret_index_temple_sphere_string
Bailey:   bailey_axe_bossmonster_kennysheep, bailey

Skill      XL: |  1  2  3  4  5  6  7  8  9 |
---------------+----------------------------+-----
Stealth        | 1 2 3 4 5 6 7 |  7.0
Short Blades   | 5 6 7 8 10 12 | 12.0
Fighting       | 3 6 7 |  7.0
Evocations     | 1 |  1.1
Throwing       | |  2.1
Armour         | |  0.7
Dodging        | |  3.6

Action                   |  1- 3 |  4- 6 |  7- 9 || total
-------------------------+-------+-------+-------++-------
Melee: Rapier            |    38 |       |       ||    38
       Dagger            |    18 |   158 |    91 ||   267
       Punch             |       |     1 |     7 ||     8
       Short sword       |       |     6 |       ||     6
       Falchion          |       |     4 |   155 ||   159
 Fire: Hunting sling     |       |       |    14 ||    14
Throw: Boomerang         |       |       |     3 ||     3
Evoke: Wand              |       |       |     3 ||     3
  Use: Scroll            |       |     7 |     5 ||    12
       Potion            |       |     1 |     2 ||     3
 Stab: Sleeping          |    17 |    12 |    11 ||    40
       Distracted        |       |     1 |     4 ||     5
Armor: Leather armour    |     6 |    17 |    69 ||    92
Dodge: Dodged            |    30 |    59 |   174 ||   263

Table legend: (Time is in decaauts)
 A = Elapsed time spent in this place.
 B = Non-inter-level travel time spent in this place.
 C = Inter-level travel time spent in this place.
 D = Time resting spent in this place.
 E = Time spent auto-exploring this place.
 F = Levels seen in this place.
 G = Mean time per level.
                   A        B        C        D        E       F      G
               +--------+--------+--------+--------+--------+-----+--------+
         Total |   7717 |   7375 |    342 |   1709 |   4355 |   9 |  857.4 |
       Dungeon |   7168 |   6855 |    313 |   1656 |   4149 |   7 | 1024.0 |
        Temple |    232 |    203 |     29 |      0 |    188 |   1 |  232.0 |
        Bailey |    315 |    315 |      0 |     53 |     17 |   1 |  315.0 |
               +--------+--------+--------+--------+--------+-----+--------+

Top non-repeatable levels by time:
     D:6: 1616 daAuts
     D:3: 1361 daAuts
     D:4: 1273 daAuts
     D:2: 997 daAuts
     D:5: 917 daAuts
     D:1: 890 daAuts
  Bailey: 315 daAuts
  Temple: 232 daAuts
     D:7: 111 daAuts
